 Dungeon Crawl Stone Soup version 0.30-b1-2-g02819fbbbe (webtiles) character file.

Game seed: 9746335964326602064

11781 LLlMATKO the Fighter (level 11, 0/150 HPs)
             Began as a Minotaur Berserker on May 21, 2023.
             Was a Priest of Trog.
             Succumbed to a reaper's poison
             ... in a Gauntlet.
             The game lasted 00:16:12 (12281 turns).

LLlMATKO the Fighter (Minotaur Berserker)          Turns: 12281, Time: 00:16:12

Health: 0/150      AC: 21    Str: 24    XL:     11   Next: 53%
Magic:  10/10      EV: 14    Int:  4    God:    Trog [***...]
Gold:   853        SH: 10    Dex: 12    Spells: 10/10 levels left

rFire   . . .        y - +0 war axe
rCold   . . .        D - +0 kite shield
rNeg    . . .        k - +1 plate armour
rPois   .            V - +1 hat
rElec   .            Q - +0 cloak
rCorr   .            T - +1 pair of gloves {hurl}
SInv    +            G - +0 pair of boots
Will    ++...        z - amulet of the acrobat Stlth
                     l - ring of see invisible
HPRegen 1.45/turn    H - +5 ring of evasion
MPRegen 0.12/turn

%: no teleportation, acrobat
@: berserking (expiring), lethally poisoned (0 -> -12), strong-willed,
regenerating, very quick
A: horns 2, retaliatory headbutt
a: Renounce Religion, Berserk, Trog's Hand


You were in a Gauntlet.
You worshipped Trog.
Trog was most pleased with you.
You visited 1 branch of the dungeon, and saw 11 of its levels.
You also visited: Sewer, Bailey and Gauntlet.

You collected 853 gold pieces.

Inventory:

Hand Weapons
 m - a +1 heavy sling
 y - a +0 war axe (weapon)
 J - a +0 spear
 M - a +1 executioner's axe of freezing
Missiles
 o - 48 poisoned darts (quivered)
 s - a boomerang
 x - a throwing net
 K - 23 javelins
 R - a curare-tipped dart
Armour
 k - a +1 plate armour (worn)
 D - a +0 kite shield (worn)
 G - a +0 pair of boots (worn)
 Q - a +0 cloak (worn)
 T - a +1 pair of gloves of hurling (worn)
 V - a +1 hat (worn)
Jewellery
 l - a ring of see invisible (left hand)
 z - an amulet of the acrobat (around neck)
 H - a +5 ring of evasion (right hand)
Wands
 B - a wand of polymorph (8)
 C - a wand of quicksilver (18)
 E - a wand of charming (6)
 S - a wand of mindburst (4)
Scrolls
 c - 6 scrolls of teleportation
 f - 13 scrolls of identify
 h - 2 scrolls of enchant armour
 i - a scroll of poison
 n - 2 scrolls of magic mapping
 r - a scroll of fog
 w - a scroll of vulnerability {unknown}
 I - 2 scrolls of butterflies {unknown}
 N - a scroll of noise {unknown}
 O - 2 scrolls of blinking {unknown}
 P - 2 scrolls of silence
 U - 2 scrolls of fear {unknown}
Potions
 a - 3 potions of lignification {unknown}
 b - 8 potions of curing {unknown}
 d - a potion of haste {unknown}
 e - a potion of berserk rage {unknown}
 g - 4 potions of heal wounds {unknown}
 j - a potion of magic {unknown}
 p - a potion of cancellation {unknown}
 q - a potion of brilliance {unknown}
 t - 3 potions of resistance {unknown}
 u - 4 potions of might {unknown}
 v - a potion of degeneration {unknown}
 A - 3 potions of flight {unknown}
 F - 2 potions of attraction {unknown}
 L - a potion of experience


   Skills:
 + Level 10.3 Fighting
 + Level 10.2 Axes
 + Level 8.3 Ranged Weapons
 + Level 9.8 Armour
 + Level 9.0 Dodging
 + Level 6.9 Shields


You had 10 spell levels left.
You didn't know any spells.
Your spell library was empty.

Dungeon Overview and Level Annotations

Branches:
Dungeon (11/15)            Temple (0/1) D:5            Lair (0/5) D:10
    Orc (0/2) D:10          Sewer (visited)          Bailey (visited)
Gauntlet (1/1)

Altars:
Cheibriados
Elyvilon
Gozag
Nemelex Xobeh
Qazlal
Sif Muna
Uskayaw
Vehumet
Zin
The Shining One

Shops:
D:5 !   D:6 *   D:8 :

Portals:
Trove: D:11 (show slimy rune of Zot)

Annotations:
D:7 3 runed translucent doors, 1 exclusion, DevastatorOne's ghost, journeyman MeFi Gauntlet 9 transporters, 3 runed translucent doors


Innate Abilities, Weirdness & Mutations

You have a pair of horns on your head.
You reflexively headbutt those who attack you in melee.


Message History

You feel extremely sick.
The reaper hits you with a +4 scythe of venom!!!
* * * LOW HITPOINT WARNING * * *
Your polar bear bites the reaper.
Your polar bear closely misses the reaper.
Your polar bear claws the reaper.
You strike the helpless reaper from behind!
You slash the reaper! You headbutt the reaper!
The reaper is heavily wounded.
You feel extremely sick.
Your polar bear bites the reaper.
Your polar bear claws the reaper but does no damage.
Your polar bear misses the reaper.
You hit the reaper. Your headbutt misses the reaper.
The reaper is heavily wounded.
You feel very sick.
The reaper hits you with a +4 scythe of venom!!
* * * LOW HITPOINT WARNING * * *
Your polar bear barely misses the reaper.
Your polar bear claws the reaper but does no damage.
Your polar bear misses the reaper.
You barely miss the reaper. You headbutt the reaper.
The reaper is heavily wounded.
* * * LOW HITPOINT WARNING * * *
You feel extremely sick.
Your polar bear bites the reaper.
Your polar bear claws the reaper but does no damage. x2
The reaper barely misses your polar bear.
You completely miss the reaper. You headbutt the reaper.
The reaper is severely wounded.
* * * LOW HITPOINT WARNING * * *
You feel very sick.
Your polar bear barely misses the reaper.
Your polar bear claws the reaper but does no damage.
Your polar bear closely misses the reaper.
You block the reaper's attack.
Unknown command.
You hit the reaper.
The reaper is severely wounded.
You die...

#######..#.#..#..#.#..#######
#≈#§#≈#..#.#..#..#.#..#§#≈#§#
#........#..##.##..#......§.###
.........#....©....#.........≈#
..#########################..###
..#...........©...........#...≈#
..#.©.........©.........©.#...###
#############################..≈#
#......t#.#...52@.#.#2......#..##
#.#####.#.#.####h.#.#3⌠.8.8.#..≈#
#.+...+.#.#.#...#.#.#3...P..#..##
#.#.©.#.#.#.#.©.#.#.#.#.©.#.#..≈#
#.#~~~#.#.#.#...#.#.#....P..#..##
#.#####.#.#..####.#.#.#.#.#.#..≈#
#.!$©[..#.#.|.©=?.#.#.![©.[.#..##
#########.#########.#########..§#
...............................##


You could see a cacodemon, a reaper (ally target), 2 neqoxecs, a shadow imp and
a friendly polar bear (summoned, berserk).

Vanquished Creatures
  A two-headed ogre (D:10)
  2 large abominations (Gauntlet)
  A deep elf pyromancer (D:11)
  Grinder (D:5)
  A hornet (D:10)
  Sigmund (D:4)
  4 flying skulls (Gauntlet)
  A wraith (D:7)
  3 shadows
  A vampire (D:10)
  Eustachio (D:4)
  11 yaks
  A wyvern (D:9)
  2 vampire mosquitoes (D:11)
  3 water moccasins
  4 sky beasts
  An ice beast (D:8)
  13 orc warriors
  2 black bears
  A small abomination (Gauntlet)
  10 centaurs (Bailey)
  A phantom (D:6)
  5 kobold brigands
  A gnoll sergeant (D:6)
  9 bullfrogs
  A scorpion (D:6)
  8 wights
  3 howler monkeys (D:11)
  2 lava snakes (D:8)
  7 orc priests
  5 hounds
  4 iguanas
  Ijyb (D:5)
  3 sleepcaps
  Natasha (thrice) (D:2)
  5 orc wizards
  9 adders
  4 gnolls (D:6)
  5 river rats (Sewer)
  A shadow imp (D:7)
  3 white imps
  An ufetubus (D:5)
  4 worms
  48 orcs
  3 endoplasms (D:3)
  3 giant cockroaches
  5 goblins
  8 hobgoblins
  5 jackals
  29 kobolds
  A quokka (D:4)
  11 ball pythons
  6 bats
  7 frilled lizards
  16 rats
  2 bushes (D:1)
294 creatures vanquished.

Vanquished Creatures (collateral kills)
  2 small abominations (Gauntlet)
  A shadow imp (Gauntlet)
3 creatures vanquished.

Vanquished Creatures (others)
  2 demonic plants (Gauntlet)
  11 plants
13 creatures vanquished.

Grand Total: 310 creatures vanquished

Notes
Turn   | Place    | Note
-------+----------+-------------------------------------------
     0 | D:1      | LLlMATKO the Minotaur Berserker began the quest for the
                  | Orb.
     0 | D:1      | Reached XP level 1. HP: 19/19 MP: 0/0
   136 | D:1      | Reached XP level 2. HP: 27/27 MP: 1/1
   733 | D:1      | Reached ** piety under Trog
  1122 | D:2      | Noticed Natasha
  1131 | D:2      | Killed Natasha
  1132 | D:2      | Reached XP level 3. HP: 33/33 MP: 2/2
  1355 | D:2      | Reached XP level 4. HP: 41/41 MP: 3/3
  1458 | D:2      | Noticed Natasha
  1468 | D:2      | Killed Natasha
  1812 | D:2      | Noticed Natasha
  1816 | D:2      | Killed Natasha
  1817 | D:2      | Reached skill level 1 in Ranged Weapons
  2208 | D:3      | Reached XP level 5. HP: 47/47 MP: 4/4
  2429 | D:3      | Reached *** piety under Trog
  2506 | D:3      | Reached skill level 5 in Fighting
  2506 | D:3      | Reached skill level 5 in Axes
  2506 | D:3      | Reached XP level 6. HP: 56/56 MP: 5/5
  2965 | D:4      | Noticed Eustachio
  2972 | D:4      | Killed Eustachio
  3227 | D:4      | Noticed Sigmund
  3235 | D:4      | Killed Sigmund
  3236 | D:4      | Reached XP level 7. HP: 62/62 MP: 6/6
  3298 | D:4      | Found a stormy altar of Qazlal.
  3448 | D:5      | Entered Level 5 of the Dungeon
  3526 | D:5      | Found a snail-covered altar of Cheibriados.
  3527 | D:5      | Noticed a shadow
  3542 | D:5      | Killed a shadow
  3543 | D:5      | Reached skill level 5 in Armour
  3676 | D:5      | Found Adithrouh's Distillery.
  3737 | D:5      | Found a glowing golden altar of the Shining One.
  3769 | D:5      | Found a glowing drain.
  3792 | Sewer    | Entered a sewer
  3834 | Sewer    | Reached skill level 5 in Dodging
  4293 | D:5      | Noticed Grinder
  4302 | D:5      | Killed Grinder
  4303 | D:5      | Reached XP level 8. HP: 71/71 MP: 7/7
  4441 | D:5      | Noticed Ijyb
  4451 | D:5      | Killed Ijyb
  4639 | D:5      | Reached **** piety under Trog
  4670 | D:5      | Found a staircase to the Ecumenical Temple.
  4935 | D:6      | Reached skill level 5 in Ranged Weapons
  5011 | D:6      | Found a radiant altar of Vehumet.
  5011 | D:6      | Found a glowing silver altar of Zin.
  5094 | D:6      | Reached XP level 9. HP: 79/79 MP: 8/8
  5224 | D:6      | Found Laumer's General Store.
  5256 | D:6      | Found a shimmering blue altar of Sif Muna.
  5258 | D:6      | Found a sparkling altar of Nemelex Xobeh.
  5311 | D:6      | Reached skill level 1 in Shields
  5475 | D:7      | Found a runed translucent gate.
  5475 | D:7      | Found a runed translucent gate.
  5475 | D:7      | Found a runed translucent gate.
  6194 | D:7      | Found an opulent altar of Gozag.
  7278 | D:7      | Noticed DevastatorOne's ghost (journeyman MeFi)
  7503 | D:8      | Found a flagged portal.
  7551 | Bailey   | Entered a bailey
  7915 | Bailey   | Reached XP level 10. HP: 90/90 MP: 9/9
  9225 | D:8      | Reached skill level 5 in Shields
  9417 | D:8      | Found a hide-covered altar of Uskayaw.
  9565 | D:8      | Found Wepakhlol's Book Boutique.
 10945 | D:10     | Entered Level 10 of the Dungeon
 11089 | D:10     | Found a staircase to the Lair.
 11138 | D:10     | Found a white marble altar of Elyvilon.
 11159 | D:10     | Reached XP level 11. HP: 89/97 MP: 10/10
 11368 | D:10     | Found a staircase to the Orcish Mines.
 11707 | D:10     | Noticed a two-headed ogre
 11714 | D:10     | Killed a two-headed ogre
 11852 | D:11     | Noticed a deep elf pyromancer
 11861 | D:11     | Killed a deep elf pyromancer
 11862 | D:11     | Reached skill level 10 in Fighting
 11872 | D:11     | Found a portal to a secret trove of treasure.
 11904 | D:11     | Found a gate leading to a gauntlet.
 11911 | Gauntlet | Entered a Gauntlet
 11911 | Gauntlet | Found a transporter.
 11911 | Gauntlet | Found a transporter.
 11917 | Gauntlet | Found a transporter.
 11928 | Gauntlet | Found a runed translucent door.
 11931 | Gauntlet | Found a transporter.
 11944 | Gauntlet | Found a transporter.
 11947 | Gauntlet | Found a transporter.
 11947 | Gauntlet | Found a transporter.
 11949 | Gauntlet | Found a transporter.
 11949 | Gauntlet | Found a transporter.
 11951 | Gauntlet | Noticed a cacodemon
 11953 | Gauntlet | Noticed a reaper
 11961 | Gauntlet | Found a transporter.
 11977 | Gauntlet | Found a transporter.
 11985 | Gauntlet | Found a runed translucent door.
 11987 | Gauntlet | Found a transporter.
 11989 | Gauntlet | Found a runed translucent door.
 11992 | Gauntlet | Found a transporter.
 12026 | Gauntlet | Found a transporter.
 12064 | Gauntlet | Reached skill level 10 in Axes
 12083 | Gauntlet | Noticed a large abomination
 12111 | Gauntlet | Killed a large abomination
 12279 | Gauntlet | HP: 6/150 [poisoned by a reaper]
 12281 | Gauntlet | Succumbed to a reaper's poison

Illustrated notes

Levels and vault maps discovered:
D:1:      lemuel_arrival_muddy, layout_loops_ring, lexackson_kobold_supper
D:2:      layout_basic, hangedman_feature_mirror, serial_bayou_pond_d,
          minmay_shallow_snake_nest, uniq_natasha
D:3:      layout_rooms
D:4:      layout_rooms, nicolae_qazlal_scattered_showers, uniq_eustachio,
          uniq_sigmund
D:5:      layout_gridville, mainiacjoe_overflow_catwalk_spiral,
          minmay_temple_entry_nine_rooms, serial_shops,
          nicolae_shop_window_shopping, cheibrodos_sewer_entry_drain,
          uniq_grinder, uniq_ijyb
D:6:      layout_cave_pools, mainiacjoe_overflow_alcove_3, serial_shops,
          nicolae_stop_n_shop_2
D:7:      cheibrodos_two_vegetables, layout_layer_cave,
          nicolae_gozag_seed_capital, ebering_ghost_rock_garden
D:8:      layout_loops_ring, nicolae_uskayaw_suspiria, serial_shops,
          kennysheep_mini_moat, enter_bailey_4, serial_glass, glass_columns_c,
          glass_columns_b
D:9:      layout_basic, hangedman_decor_peaks_small, grunt_ministairs_11,
          dreamdust_princess_corridor, kennysheep_generic_room_5
D:10:     layout_roguey, elyvilon_altar_5, lair_entry_dummy,
          minmay_orc_entry_temple_small, grunt_ministairs_11
D:11:     layout_rooms, nicolae_trove_entry_free_sample, gauntlet_entry_generic,
          nicolae_eternal_life
Gauntlet: gammafunk_gauntlet_mixed_choke_point
          [minmay_gauntlet_arena_77_two_lines,
          minmay_gauntlet_arena_77_radiant_squares,
          minmay_gauntlet_arena_77_path, nicolae_gauntlet_arena_quarters,
          minmay_gauntlet_arena_77_shame_cube, minmay_gauntlet_arena_77_box,
          minmay_gauntlet_arena_77_museum, gauntlet_exit_watery]

Skill      XL: |  1  2  3  4  5  6  7  8  9 10 11 |
---------------+----------------------------------+-----
Fighting       | 4 5 6 7 8 9 10 | 10.3
Axes           | 4 5 6 7 8 9 10 | 10.2
Armour         | 3 4 5 6 7 9 |  9.8
Dodging        | 3 4 5 6 7 8 9 |  9.0
Ranged Weapons | 1 3 4 5 6 7 8 |  8.3
Shields        | 4 6 |  6.9

Action                     |  1- 3 |  4- 6 |  7- 9 | 10-12 || total
---------------------------+-------+-------+-------+-------++-------
  Melee: Hand axe          |   243 |   115 |       |       ||   358
         Headbutt          |    79 |    30 |    49 |    42 ||   200
         Punch             |     3 |     1 |       |       ||     4
         War axe           |       |    22 |   322 |   228 ||   572
   Fire: Sling             |       |       |    54 |    82 ||   136
 Invoke: Berserk           |     2 |     4 |     9 |     7 ||    22
         Trog's Hand       |       |       |     1 |     3 ||     4
         Brothers in Arms  |       |       |       |     3 ||     3
    Use: Scroll            |       |       |    10 |     1 ||    11
   Stab: Sleeping          |     1 |       |       |       ||     1
         Distracted        |       |       |       |     1 ||     1
 Armour: Animal skin       |     4 |       |       |       ||     4
         Plate armour      |    33 |    81 |   234 |   128 ||   476
  Dodge: Dodged            |    37 |    48 |   200 |   139 ||   424
  Block: Kite shield       |       |       |    84 |   133 ||   217
